 Dungeon Crawl Stone Soup version 0.16-a0-2702-gfff482a (webtiles) character file.

1259 Duskembrace the Slinger (level 8, -28/49 HPs)
             Began as a Halfling Hunter on Nov 25, 2014.
             Was a Follower of Okawaru.
             Killed from afar by a scorpion (38 damage)
             ... with an exploding inner flame
             ... hexed by the player character
             ... in an ossuary.
             The game lasted 00:30:40 (6669 turns).

Duskembrace the Slinger (Halfling Hunter)           Turns: 6669, Time: 00:30:40

Health: -28/49     AC:  6    Str: 12    XL:     8   Next: 81%
Magic:  8/8        EV: 17    Int: 15    God:    Okawaru [*.....]
Gold:   259        SH:  0    Dex: 17    Spells: 0 memorised, 7 levels left

rFire  . . .     SeeInvis .     b - +0 hunting sling (flame)
rCold  . . .     Clarity  .     d - +0 leather armour
rNeg   . . .     SustAb   +     (no shield)
rPois  .         Gourm    .     (no helmet)
rElec  .         Spirit   .     s - +1 cloak
rCorr  .         Warding  .     i - +0 pair of gloves
rMut   .         Stasis   +     (no boots)
MR     .....                    n - amulet of stasis
Stlth  +++.......               y - ring of sustain abilities
                                m - +5 ring of intelligence

@: lethally poisoned, not resistant to hostile enchantments, fairly stealthy
A: mutation resistance 1
a: Heroism, Renounce Religion


You were in an ossuary.
You worshipped Okawaru.
Okawaru was aware of your devotion.
You were not hungry.

You visited 2 branches of the dungeon, and saw 7 of its levels.
You also visited: Ossuary.

You collected 289 gold pieces.
You spent 30 gold pieces at shops.

Inventory:

Hand weapons
 a - a +0 short sword
 b - a +0 hunting sling of flaming (weapon)
 r - a +1 hunting sling
Missiles
 c - 44 sling bullets (quivered)
 e - 251 stones
Armour
 d - a +0 leather armour (worn)
 h - a cursed +0 ring mail
 i - a +0 pair of gloves (worn)
 s - a +1 cloak (worn)
 v - a +0 buckler
Jewellery
 m - a +5 ring of intelligence (left hand)
 n - an amulet of stasis (around neck)
 y - a ring of sustain abilities (right hand)
 F - a +2 ring of strength {unknown}
Magical devices
 u - a wand of enslavement (11)
 w - a wand of magic darts (26)
Scrolls
 j - 3 scrolls of magic mapping
 k - a scroll of enchant weapon {unknown}
 l - a scroll of random uselessness
 o - 5 scrolls of identify
 p - a scroll of remove curse
 t - 2 scrolls of fog
 I - a scroll of blinking {unknown}
Potions
 q - 2 potions of agility
 x - 2 potions of poison
 z - a potion of mutation {unknown}
 A - a potion of haste
 B - a potion of berserk rage {unknown}
 C - a potion of brilliance {unknown}
 D - a potion of magic {unknown}
 E - 2 potions of curing
 H - 2 potions of invisibility {unknown}
 J - a potion of resistance {unknown}
 K - a potion of restore abilities {unknown}
 M - a potion of might {unknown}
Comestibles
 f - 4 bread rations
 g - 3 fruits


   Skills:
 - Level 1.7 Fighting
 + Level 3.3 Short Blades
 + Level 11.5 Slings
 + Level 6.5 Dodging
 + Level 3.5 Stealth


You had 7 spell levels left.
You didn't know any spells.

Dungeon Overview and Level Annotations

Branches:
Dungeon (6/15)             Temple (1/1) D:5

Altars:
Ashenzari
Cheibriados
Dithmenos
Elyvilon
Fedhas
Nemelex Xobeh
Okawaru
Qazlal
Ru
Xom
Yredelemnul
Zin
The Shining One

Shops:
D:5 !


Innate Abilities, Weirdness & Mutations

You are small and have problems with some larger weapons.
You are somewhat resistant to further mutation.


Message History

You feel sick.
You feel sick.
You feel sick.
Firing (i - inventory. (,) - cycle):
c - 45 sling bullets (quivered)
Press: ? - help, Shift-Dir - straight line, f/p - scorpion
Aim: a scorpion (almost dead, inner flame)
You shoot a sling bullet.
The sling bullet barely misses the scorpion.
The sling bullet hits the mummy.
The sling bullet burns the mummy.
The mummy is severely damaged.
You feel sick. The scorpion misses you.
Firing (i - inventory. (,) - cycle):
c - 44 sling bullets (quivered)
Press: ? - help, Shift-Dir - straight line, f/p - scorpion
Aim: a scorpion (almost dead, inner flame)
You shoot a sling bullet. The sling bullet hits the scorpion.
The sling bullet burns the scorpion.
The scorpion explodes!
The fiery explosion engulfs you!
Ouch! That really hurt!
You die...

#.......#...#...#...#
##8...8##############
#.......#...#...#...#
#...8...'...#...'...#
#...#...#.^^#...#...#
##########'#######'##
.#...#...#.....#.....#
.8.Z.Z...#.....#.....#
.....#§§§#....§8@....#
...8###§##....§§§....#
....Z#§§§#....§.§....#
.8...#§Z.###8.....8###
.#...#.Z§#..M........#
#######(##.Z.........#
#.?.#..(#.....8.....#
+?.M#^.ZZ.....#.....#
#!?.#...#.....#.....#


You could see a mummy (inner flame) and an orc zombie.

Vanquished Creatures
  Edmund (D:6)
  A sky beast (D:5)
  A black bear (D:4)
  6 scorpions
  A crimson imp (D:5)
  2 hounds
  2 orc priests
  A centaur zombie (D:5)
  2 human zombies (Ossuary)
  An iguana (D:4)
  An orc wizard (D:5)
  Terence (D:3)
  A mummy (Ossuary)
  A worker ant zombie (D:5)
  6 adders
  6 gnolls
  9 scorpion zombies (Ossuary)
  2 giant mites
  2 worms
  4 giant geckos
  An ooze (D:1)
  8 orcs
  11 bats
  9 hobgoblins
  7 jackals (D:1)
  2 quokkas (D:4)
  A ball python skeleton (D:4)
  6 giant cockroaches
  2 giant newts
  A gnoll zombie (Ossuary)
  9 goblins
  A goblin zombie (Ossuary)
  3 hobgoblin zombies (Ossuary)
  4 kobolds
  10 rats
126 creatures vanquished.

Vanquished Creatures (others)
  A bat (D:3)
1 creature vanquished.

Grand Total: 127 creatures vanquished

Notes
Turn   | Place    | Note
--------------------------------------------------------------
     0 | D:1      | Duskembrace, the Halfling Hunter, began the quest for the Orb.
     0 | D:1      | Reached XP level 1. HP: 14/14 MP: 1/1
    21 | D:1      | Reached skill level 6 in Slings
   251 | D:1      | Reached XP level 2. HP: 10/19 MP: 2/2
   574 | D:1      | Reached XP level 3. HP: 22/24 MP: 3/3
  1168 | D:2      | Reached skill level 1 in Short Blades
  1168 | D:2      | Reached skill level 7 in Slings
  1475 | D:2      | Reached XP level 4. HP: 16/29 MP: 4/4
  2105 | D:2      | Found a sparkling altar of Nemelex Xobeh.
  2479 | D:3      | Reached XP level 5. HP: 30/34 MP: 5/5
  2519 | D:3      | Found a snail-covered altar of Cheibriados.
  2619 | D:3      | Found a stormy altar of Qazlal.
  2749 | D:3      | Noticed Terence
  2762 | D:3      | Killed Terence
  3517 | D:4      | Noticed a black bear
  3531 | D:4      | Killed a black bear
  3531 | D:4      | Reached XP level 6. HP: 13/39 MP: 6/6
  4193 | D:4      | Reached skill level 8 in Slings
  4257 | D:4      | Found a sacrificial altar of Ru.
  4668 | D:4      | Reached skill level 5 in Dodging
  4668 | D:4      | Reached XP level 7. HP: 30/44 MP: 7/7
  4931 | D:5      | Entered Level 5 of the Dungeon
  4990 | D:5      | Found a shimmering altar of Xom.
  5006 | D:5      | Found a shadowy altar of Dithmenos.
  5372 | D:5      | Reached skill level 9 in Slings
  5390 | D:5      | Found Qiuruir's Distillery.
  5394 | D:5      | Bought a potion of curing for 30 gold pieces
  5698 | D:5      | Reached XP level 8. HP: 43/49 MP: 8/8
  5839 | D:5      | Found a staircase to the Ecumenical Temple.
  5852 | Temple   | Entered the Ecumenical Temple
  5860 | Temple   | Became a worshipper of Warmaster Okawaru
  5958 | D:6      | Noticed Edmund
  5974 | D:6      | Killed Edmund
  5974 | D:6      | Reached skill level 10 in Slings
  6113 | D:6      | Found a sand-covered staircase.
  6121 | Ossuary  | Entered an ossuary
  6295 | Ossuary  | Acquired Okawaru's first power
  6380 | Ossuary  | Reached skill level 11 in Slings
  6642 | Ossuary  | HP: 2/49 [scorpion (8)]
  6669 | Ossuary  | Killed from afar by a scorpion

Action                   |  1- 3 |  4- 6 |  7- 9 || total
-------------------------+-------+-------+-------++-------
Melee: Short sword       |   110 |   222 |   121 ||   453
 Fire: Hunting sling     |     4 |    56 |   246 ||   306
  Use: Potion            |       |       |     5 ||     5
       Scroll            |       |       |     6 ||     6
 Stab: Sleeping          |     2 |     5 |     2 ||     9
  Eat: Chunk             |     2 |     9 |     4 ||    15
       Beef jerky        |       |     1 |       ||     1
       Bread ration      |       |       |     1 ||     1
